 Dungeon Crawl Stone Soup version 0.25-a0-353-ged6d54792d (webtiles) character file.

Game seed: 13122337564834885447, levelgen mode: deterministic

4057 mathematician the Thaumaturge (level 10, -3/56 HPs)
             Began as a Deep Elf Wizard on Jan 2, 2020.
             Was a Priest of Ashenzari.
             Slain by a hippogriff (5 damage)
             ... on level 1 of the Lair of Beasts.
             The game lasted 00:54:46 (12336 turns).

mathematician the Thaumaturge (Deep Elf Wizard)    Turns: 12336, Time: 00:54:47

Health: -3/56      AC:  4    Str: 10    XL:     10   Next: 4%
Magic:  21/27      EV: 18    Int: 24    God:    Ashenzari [***...]
Gold:   252        SH:  0    Dex: 15    Spells: 17/31 levels left

rFire    . . .     SeeInvis +   p - +9 whip of Moderation {slash, Str+5} (curse)
rCold    + . .     Gourm    .   (no shield)
rNeg     . . .     Faith    +   a - +0 robe
rPois    .         Spirit   .   b - +1 hat
rElec    .         Reflect  .   (no cloak)
rCorr    .         Harm     .   (no gloves)
MR       +....     Clarity  +   o - +0 pair of boots
Stlth    +++.......             f - amulet of faith
HPRegen  0.18/turn              i - ring of protection from cold
MPRegen  0.20/turn              (no ring)

@: no status effects
A: beak, clarity
a: Curse Item, Scrying, Renounce Religion


You were on level 1 of the Lair of Beasts.
You worshipped Ashenzari.
Ashenzari was most pleased with you.
You were not hungry.

You visited 3 branches of the dungeon, and saw 11 of its levels.
You also visited: Ossuary.

You collected 619 gold pieces.
You spent 367 gold pieces at shops.

Inventory:

Hand Weapons
 c - a +0 short sword
 j - a +2 dagger of venom
 p - the cursed +9 whip of Moderation (weapon) {slash, Str+5}
   (You bought it in a shop on level 4 of the Dungeon)

   It inflicts extra damage upon your enemies.
   It affects your strength (+5).
   It has a curse placed upon it.
Armour
 a - a +0 robe (worn)
 b - a +1 hat (worn)
 o - a +0 pair of boots (worn)
Jewellery
 f - an amulet of faith (around neck)
 i - a ring of protection from cold (left hand)
 r - a +3 amulet of reflection
Wands
 m - a wand of polymorph (14)
 A - a wand of paralysis (12)
 C - a wand of enslavement (10)
 E - a wand of disintegration (14)
Scrolls
 g - 3 scrolls of magic mapping
 n - 4 scrolls of enchant armour
 u - a scroll of enchant weapon
 y - 4 scrolls of remove curse
 D - 2 scrolls of fear
Potions
 e - 3 potions of flight
 h - a potion of magic {unknown}
 k - 3 potions of mutation
 l - 2 potions of might
 q - a potion of haste {unknown}
 s - a potion of experience {unknown}
 t - 2 potions of lignification {unknown}
 v - 4 potions of heal wounds
 w - 5 potions of curing
 x - 2 potions of degeneration {unknown}
 z - 2 potions of agility
 B - 3 potions of berserk rage
Comestibles
 d - 11 rations
 F - 5 chunks of flesh


   Skills:
 + Level 3.0 Fighting
 + Level 1.0 Short Blades
 - Level 2.4(4.8) Maces & Flails
 * Level 8.5 Dodging
 + Level 4.7 Stealth
 + Level 11.3 Spellcasting
 + Level 7.5 Conjurations
 + Level 1.1 Summonings
 + Level 1.1 Translocations
 + Level 2.0 Fire Magic
 + Level 0.5 Air Magic
 + Level 2.0 Poison Magic


You had 17 spell levels left.
You knew the following spells:

 Your Spells              Type           Power        Failure   Level  Hunger
a - Magic Dart            Conj           ####         1%          1    None
b - Slow                  Hex            ##......     7%          2    None
c - Mephitic Cloud        Conj/Pois/Air  ####....     3%          3    None
d - Conjure Flame         Conj/Fire      #####...     1%          3    None
i - Call Imp              Summ           ###.....     4%          2    None
A - Apportation           Tloc           ###...       3%          1    None
B - Blink                 Tloc           N/A          4%          2    None

Your spell library contained the following spells:

 Spells                   Type           Power        Failure   Level  Hunger
 Summon Butterflies       Summ           ###.....     3%          1    None
 Lesser Beckoning         Tloc           ###.......   9%          3    None
 Tukima's Dance           Hex            ##......     14%         3    None
 Alistair's Intoxication  Tmut/Pois      ###.....     63%         5    ####...
 Invisibility             Hex            ##......     100%        6    #####..


Dungeon Overview and Level Annotations

Branches:
Dungeon (9/15)             Temple (1/1) D:4            Lair (1/6) D:9
    Orc (0/2) D:9         Ossuary (visited)

Altars:
Ashenzari
Cheibriados
Dithmenos
Elyvilon
Fedhas
Gozag
Hepliaklqana
Kikubaaqudgha
Makhleb
Nemelex Xobeh
Okawaru
Qazlal
Ru
Sif Muna
Trog
Uskayaw
Vehumet
Wu Jian
Xom
Yredelemnul
Zin
The Shining One

Shops:
D:4 (   D:8 %   D:9 *

Annotations:
D:2 Terence
D:9 exclusion: death yak
Lair:1 exclusion: crocodile


Innate Abilities, Weirdness & Mutations

You have a beak for a mouth.
You possess an exceptional clarity of mind.


Message History

Aiming: Magic Dart (safe; 1% risk of failure)
Press: ? - help, Shift-Dir - straight line, f/p - hippogriff
Aim: a hippogriff (heavily wounded)
The magic dart hits the hippogriff.
The hippogriff is severely wounded.
The hippogriff bites you. The hippogriff pecks you.
* * * LOW HITPOINT WARNING * * *
The hippogriff claws you.
* * * LOW HITPOINT WARNING * * *
You completely miss the hippogriff.
The hippogriff is severely wounded.
The hippogriff misses you. The hippogriff pecks you.
* * * LOW HITPOINT WARNING * * *
The hippogriff misses you.
You hit the hippogriff.
The hippogriff is severely wounded.
The hippogriff bites you.
* * * LOW HITPOINT WARNING * * *
The hippogriff pecks you.
You die...

* * ### #.# * , #P##
#.# ,,,,,,, ... ###
#.# * #.# #.###.# *
####.########=....## ,
##....#.##.##...P..รท.
*
##....................
#./.#####..#.....#####
#...H@#,###..#.#.#,
..[.....#!# ,
##.#.#.#, #####.....#,
, #.#...+ #...... *
*#...#.# * * #....#.#.
,#.#.#.#, ##...#..#.
..#.#.# * #...#..##.
.#.#^..,, ** #..#.#..
..# # t * , *, ,* *,


You could see a hippogriff.

Vanquished Creatures
  2 hippogriffs
  2 hungry ghosts
  A porcupine (Lair:1)
  An ice beast (D:8)
  2 orc warriors
  A black bear (D:6)
  A necrophage (D:8)
  2 phantoms
  6 ogres
  A centaur (D:6)
  A crocodile (Lair:1)
  4 water moccasin zombies (Ossuary)
  3 bullfrogs
  A gnoll sergeant (D:8)
  A water moccasin skeleton (D:7)
  4 scorpions
  3 howler monkeys
  5 crimson imps
  A bullfrog zombie (D:6)
  A jelly (D:9)
  4 orc wizards (D:9)
  4 orc priests
  2 centaur skeletons
  8 worker ants
  A killer bee zombie (D:7)
  3 big kobold zombies (Ossuary)
  2 mummies (Ossuary)
  A worker ant zombie (D:6)
  9 adders
  8 gnolls
  A howler monkey skeleton (D:7)
  A river rat (D:9)
  A shadow imp (D:6)
  An adder skeleton (D:4)
  9 adder zombies (Ossuary)
  2 worms
  2 dart slugs
  8 leopard geckos
  30 orcs
  5 giant cockroaches
  14 goblins
  6 hobgoblins
  17 jackals
  4 quokkas
  5 bats
  5 frilled lizards
  6 gnoll zombies (Ossuary)
  3 hobgoblin zombies (Ossuary)
  9 kobolds
  4 kobold zombies (Ossuary)
  A leopard gecko skeleton (D:6)
  4 orc zombies (Ossuary)
  A quokka zombie (D:5)
  6 rats
230 creatures vanquished.

Vanquished Creatures (others)
  A plant (D:3)
1 creature vanquished.

Grand Total: 231 creatures vanquished

Notes
Turn   | Place    | Note
-------+----------+-------------------------------------------
     0 | D:1      | mathematician the Deep Elf Wizard began the quest for the
                  | Orb.
     0 | D:1      | Reached XP level 1. HP: 10/10 MP: 7/7
   326 | D:1      | Reached skill level 5 in Spellcasting
   326 | D:1      | Reached XP level 2. HP: 15/15 MP: 5/10
   449 | D:1      | Learned a level 2 spell: Blink
   452 | D:1      | Learned a level 2 spell: Call Imp
   455 | D:1      | Learned a level 2 spell: Slow
  1336 | D:2      | Reached XP level 3. HP: 19/19 MP: 6/12
  1340 | D:2      | Noticed Terence
  1431 | D:1      | Learned a level 3 spell: Mephitic Cloud
  1435 | D:1      | Learned a level 3 spell: Conjure Flame
  1926 | D:2      | Reached XP level 4. HP: 24/24 MP: 3/13
  2588 | D:3      | Found a shattered altar of Ashenzari.
  2634 | D:3      | Became a worshipper of Ashenzari the Shackled
  3188 | D:3      | Reached XP level 5. HP: 28/28 MP: 11/15
  3192 | D:3      | Reached skill level 6 in Spellcasting
  4338 | D:4      | Found a staircase to the Ecumenical Temple.
  4358 | Temple   | Entered the Ecumenical Temple
  4917 | D:4      | Noticed an ogre
  4931 | D:3      | Killed an ogre
  4931 | D:3      | Reached XP level 6. HP: 15/32 MP: 7/17
  5328 | D:4      | Found an ancient bone altar of Kikubaaqudgha.
  5452 | D:4      | Reached skill level 7 in Spellcasting
  5615 | D:4      | Found Dusisiro's Antique Weapon Boutique.
  5619 | D:4      | Bought a steaming whip for 150 gold pieces
  5619 | D:4      | Identified the +9 whip of Moderation {slash, Str+5} (You
                  | bought it in a shop on level 4 of the Dungeon)
  5748 | D:5      | Entered Level 5 of the Dungeon
  5748 | D:5      | Found a hide-covered altar of Uskayaw.
  5748 | D:5      | Noticed a +0 dagger
  5748 | D:5      | Noticed a +0 hand axe
  5748 | D:5      | Noticed a hungry ghost
  5772 | D:5      | Found a sparkling altar of Nemelex Xobeh.
  5895 | D:5      | Found a blossoming altar of Fedhas.
  6084 | D:5      | Reached * piety under Ashenzari
  6206 | D:5      | Reached skill level 5 in Dodging
  6206 | D:5      | Reached XP level 7. HP: 37/37 MP: 7/19
  6215 | D:5      | Killed a hungry ghost
  6215 | D:5      | Reached skill level 1 in Short Blades
  6725 | D:6      | Found a sand-covered staircase.
  6748 | Ossuary  | Entered an ossuary
  6757 | Ossuary  | Reached skill level 1 in Fighting
  6947 | Ossuary  | Reached skill level 8 in Spellcasting
  7491 | Ossuary  | Reached XP level 8. HP: 43/43 MP: 22/22
  7903 | D:6      | Reached skill level 5 in Conjurations
  7903 | D:6      | Reached skill level 1 in Fire Magic
  8380 | D:6      | Found a shadowy altar of Dithmenos.
  8381 | D:6      | Found a hazy altar of Hepliaklqana.
  8390 | D:6      | Gained mutation: You possess an exceptional clarity of
                  | mind. [potion of mutation]
  8390 | D:6      | Gained mutation: You have a beak for a mouth. [potion of
                  | mutation]
  8405 | D:6      | Found a glowing golden altar of the Shining One.
  8437 | D:6      | Found a basalt altar of Yredelemnul.
  8460 | D:6      | Found a white marble altar of Elyvilon.
  8474 | D:6      | Found an opulent altar of Gozag.
  8484 | D:6      | Reached skill level 9 in Spellcasting
  8763 | D:7      | Noticed a hippogriff
  8776 | D:7      | Killed a hippogriff
  9028 | D:7      | Reached ** piety under Ashenzari
  9146 | D:7      | Reached XP level 9. HP: 41/48 MP: 20/24
  9519 | D:8      | Found Qof Jienu's Food Shoppe.
  9855 | D:8      | Learned a level 1 spell: Apportation
 10149 | D:8      | Reached skill level 10 in Spellcasting
 10162 | D:8      | Reached skill level 1 in Maces & Flails
 10766 | D:8      | Reached skill level 1 in Poison Magic
 10767 | D:8      | Reached *** piety under Ashenzari
 10939 | D:9      | Noticed a death yak
 10939 | D:9      | Noticed a death yak
 11173 | D:9      | Found a staircase to the Orcish Mines.
 11427 | D:9      | Reached skill level 11 in Spellcasting
 11886 | D:9      | Found a staircase to the Lair.
 11942 | D:9      | Found Luqibb's Assorted Antiques.
 11948 | D:9      | Bought a steaming silver ring for 155 gold pieces
 11948 | D:9      | Identified the ring "Japnoar" {Ice *Drain Int+7 SInv} (You
                  | bought it in a shop on level 9 of the Dungeon)
 11948 | D:9      | Bought a scroll of identify for 62 gold pieces
 12089 | D:9      | Reached XP level 10. HP: 51/54 MP: 22/27
 12169 | D:9      | Noticed a death yak
 12190 | Lair:1   | Entered Level 1 of the Lair of Beasts
 12336 | Lair:1   | HP: 2/56 [hippogriff (4)]
 12336 | Lair:1   | Slain by a hippogriff

Levels and vault maps discovered:
D:1:      mrwooster_arrival_arrow, layout_basic
D:2:      layout_basic, uniq_terence
D:3:      layout_loops_cross, evilmike_ruin_ashenzari, lexackson_kobold_supper
D:4:      layout_loops_ring, overflow_temple_1_default,
          minmay_temple_entry_ruins, serial_shops, shop, first_ration
D:5:      layout_basic, dancing_weapons_uskayaw, lemuel_round_altar,
          old_standard_altar
D:6:      layout_cave_pools, grunt_temple_overflow_open, enter_ossuary_3
D:7:      layout_loops_ring
D:8:      layout_basic, serial_shops, nicolae_shop_competitors_out_of_business
D:9:      layout_cave_pools, dpeg_lair_monsters, erik_orc_3, serial_shops, shop,
          grunt_decor_cap
Temple:   minmay_temple_curvy_loop
Lair:1:   layout_loops_ring, minmay_shattered_shrine, grunt_megastairs_1,
          serial_bayou_shore_a, lemuel_fruit_fields

Skill      XL: |  1  2  3  4  5  6  7  8  9 10 |
---------------+-------------------------------+-----
Spellcasting   | 5 6 7 8 9 11 | 11.3
Dodging        | 3 4 5 6 7 8 |  8.5
Conjurations   | 2 3 4 6 7 |  7.5
Stealth        | 3 4 |  4.7
Short Blades   | 1 |  1.0
Fighting       | 1 2 3 |  3.0
Fire Magic     | 1 2 |  2.0
Maces & Flails | 2 |  2.4
Poison Magic   | 2 |  2.0
Summonings     | |  1.1
Translocations | |  1.1
Air Magic      | |  0.5

Action                   |  1- 3 |  4- 6 |  7- 9 | 10-12 || total
-------------------------+-------+-------+-------+-------++-------
Melee: Short sword       |     7 |    12 |       |       ||    19
       Dagger            |       |    43 |       |       ||    43
       Whip              |       |     6 |   268 |    11 ||   285
       Peck              |       |       |    13 |     2 ||    15
 Cast: Magic Dart        |    92 |   180 |   373 |    14 ||   659
       Conjure Flame     |     1 |     3 |    17 |       ||    21
       Mephitic Cloud    |       |     2 |     7 |       ||     9
Invok: Curse Item        |       |     2 |       |       ||     2
  Use: Scroll            |     3 |     7 |    12 |       ||    22
       Potion            |       |       |     1 |       ||     1
 Stab: Sleeping          |     4 |     1 |     5 |     1 ||    11
       Confused          |       |     2 |     1 |       ||     3
  Eat: Chunk             |     2 |    13 |    12 |     1 ||    28
       Ration            |       |       |     4 |       ||     4
Armor: Robe              |     3 |    16 |    31 |     2 ||    52
Dodge: Dodged            |    17 |    51 |   203 |    15 ||   286
Block: Other             |       |     1 |       |       ||     1

Table legend:
 A = Non-vault XP
 B = Vault XP
 C = Vault XP percentage of total XP
 D = Non-vault monster count
 E = Vault monster count
 F = Vault count percentage of total count
                 A         B        C        D         E       F
            +---------+---------+-------+---------+---------+-------
      Total |    4953 |     843 |  14.5 |     171 |      59 |  25.7
            +---------+---------+-------+---------+---------+-------
        D:1 |      36 |       0 |   0.0 |      21 |       0 |   0.0
        D:2 |      91 |       0 |   0.0 |      25 |       0 |   0.0
        D:3 |     218 |      18 |   7.6 |      24 |       8 |  25.0
        D:4 |     319 |       0 |   0.0 |      20 |       0 |   0.0
        D:5 |     341 |       0 |   0.0 |       6 |       0 |   0.0
        D:6 |     808 |       0 |   0.0 |      22 |       0 |   0.0
        D:7 |     678 |       0 |   0.0 |      15 |       0 |   0.0
        D:8 |    1049 |     162 |  13.4 |      20 |       2 |   9.1
        D:9 |    1163 |     161 |  12.2 |      16 |      14 |  46.7
     Lair:1 |     250 |       0 |   0.0 |       2 |       0 |   0.0
    Ossuary |       0 |     502 | 100.0 |       0 |      35 | 100.0
            +---------+---------+-------+---------+---------+-------
